 Dungeon Crawl Stone Soup version 0.30-a0-341-g682706514a (webtiles) character file.

Game seed: 8539197652452974805

150 BritishOli the Trooper (level 5, -1/42 HPs)
             Began as a Demonspawn Gladiator on Nov 5, 2022.
             Slain by Grinder (7 damage)
             ... on level 3 of the Dungeon.
             The game lasted 00:02:23 (1576 turns).

BritishOli the Trooper (Demonspawn Gladiator)       Turns: 1576, Time: 00:02:24

Health: -1/42      AC:  4    Str: 17    XL:     5   Next: 10%
Magic:  5/5        EV: 12    Int:  9    God:
Gold:   106        SH:  5    Dex: 14    Spells: 4/4 levels left

rFire   . . .      SeeInvis .    a - +0 war axe
rCold   . . .      Faith    .    i - +2 buckler
rNeg    . . .      Spirit   .    b - +0 leather armour
rPois   .          Reflect  .    c - +0 helmet
rElec   .          Harm     .    (no cloak)
rCorr   .          Rampage  .    (no gloves)
Will    .....                    (no boots)
Stlth   +.........               (no amulet)
HPRegen 0.27/turn                (no ring)
MPRegen 0.09/turn                (no ring)

@: no status effects
A: claws 1, spiny 1
a: no special abilities


You were on level 3 of the Dungeon.
You visited 1 branch of the dungeon, and saw 3 of its levels.

You collected 106 gold pieces.

Inventory:

Hand Weapons
 a - a +0 war axe (weapon)
 n - a +1 vampiric hand axe
Missiles
 d - 3 throwing nets
 e - 6 javelins (quivered)
Armour
 b - a +0 leather armour (worn)
 c - a +0 helmet (worn)
 i - a +2 buckler (worn)
Jewellery
 k - a ring of positive energy
Wands
 j - a wand of polymorph (13)
Scrolls
 f - 6 scrolls of identify {unknown}
 g - 2 scrolls of blinking {unknown}
 l - a scroll of amnesia {unknown}
 o - 2 scrolls of fear {unknown}
Potions
 h - a potion of berserk rage {unknown}
 m - a potion of curing {unknown}


   Skills:
 * Level 3.7 Fighting
 + Level 3.5 Axes
 - Level 2.2 Throwing
 + Level 1.3 Armour
 - Level 3.0 Dodging


You had 4 spell levels left.
You didn't know any spells.
Your spell library contained the following spells:

 Spells                   Type           Power      Damage    Failure   Level
 Magic Dart               Conj           0%         1d3       56%         1
 Call Imp                 Summ           0%         N/A       71%         2
 Mephitic Cloud           Conj/Pois/Air  0%         N/A       90%         3


Dungeon Overview and Level Annotations

Branches:
Dungeon (3/15)

Altars:
Wu Jian

Annotations:
D:3 Grinder, Sigmund


Innate Abilities, Weirdness & Mutations

You have sharp fingernails.
You are partially covered in sharp spines.


Message History

Grinder is nearby!
Sigmund the Dreaded comes into view.
He is wielding a +0 scythe.
Sigmund drinks a potion.
Sigmund flickers and vanishes!
Deactivating autopickup; reactivate with Ctrl-A.
Grinder is nearby!
Grinder is nearby!
Grinder is nearby!
Grinder is nearby!
You hit Grinder.
Grinder is lightly wounded.
Grinder is struck by your spines. Grinder hits you! Grinder gestures at you.
Pain shoots through your body! Something barely misses you.
You barely miss Grinder.
Grinder is lightly wounded.
Grinder hits you. Something hits you.
You slash Grinder!
Grinder is heavily wounded.
Grinder is struck by your spines. Grinder closely misses you.
You closely miss Grinder.
Grinder is heavily wounded.
Something hits you! You block Grinder's attack. Grinder gestures at you.
You barely resist.
You are too injured to fight recklessly!
You are too injured to fight recklessly!
You are too injured to fight recklessly!
Unknown command.
You hit Grinder.
Grinder is heavily wounded.
Something completely misses you. Grinder is struck by your spines.
Grinder barely misses you.
You completely miss Grinder.
Grinder is severely wounded.
Grinder blinks!
Something hits you.
Grinder blinks!
Something hits you!
* * * LOW HITPOINT WARNING * * *
Grinder attacks as you move away! Grinder is struck by your spines.
Grinder hits you!
You die...

### ## #.. ...# #+#
#.###...## +..##
#.#......# ≈≈####...##
#.#.#...#
..#.......###.#..#..#
#^........##.#...#.###
+.........'...5{.....#
#........<####@#####.
#.......## #.#
##.....## #.# ##...##
#.# ##'## #.# #.# #..
#.# ### ##.## ##...##


You could see Grinder.

Vanquished Creatures
  An orc priest (D:3)
  Robin (D:2)
  3 adders (D:2)
  3 worms (D:2)
  2 dart slugs
  2 orcs (D:3)
  3 ball pythons
  7 bats
  3 endoplasms
  4 giant cockroaches
  10 goblins
  7 hobgoblins
  4 jackals (D:1)
  6 kobolds
  A quokka (D:1)
  4 frilled lizards
  4 rats
65 creatures vanquished.

Notes
Turn   | Place    | Note
-------+----------+-------------------------------------------
     0 | D:1      | BritishOli the Demonspawn Gladiator began the quest for the
                  | Orb.
     0 | D:1      | Reached XP level 1. HP: 16/16 MP: 1/1
    71 | D:1      | Gained mutation: You are partially covered in sharp spines.
                  | [demonic ancestry]
    71 | D:1      | Reached XP level 2. HP: 22/22 MP: 2/2
   300 | D:1      | Reached XP level 3. HP: 28/28 MP: 3/3
   570 | D:2      | Noticed Robin
   587 | D:2      | Killed Robin
   589 | D:2      | Gained mutation: You have sharp fingernails. [demonic
                  | ancestry]
   589 | D:2      | Reached XP level 4. HP: 17/34 MP: 4/4
   820 | D:2      | Reached skill level 1 in Armour
   854 | D:2      | Found an ornate altar of the Wu Jian Council.
  1366 | D:3      | Reached XP level 5. HP: 16/42 MP: 5/5
  1564 | D:3      | Noticed Grinder
  1566 | D:3      | Noticed Sigmund
  1576 | D:3      | Slain by Grinder

Illustrated notes

Levels and vault maps discovered:
D:1:      lightli_iron_boxes, layout_rooms
D:2:      layout_basic, basic_altar, uniq_robin
D:3:      minmay_roachtagon, layout_loops_corners, serial_shops,
          nicolae_shop_hallway_stairs, uniq_grinder, uniq_sigmund

Skill      XL: |  1  2  3  4 |
---------------+-------------+-----
Throwing       | 2 |  2.2
Dodging        | 3 |  3.0
Axes           | 3 |  3.5
Fighting       | 3 |  3.7
Armour         | 1 |  1.3

Action                   |  1- 3 |  4- 6 || total
-------------------------+-------+-------++-------
Melee: War axe           |    49 |    49 ||    98
 Stab: Sleeping          |     1 |       ||     1
Armor: Leather armour    |    22 |     9 ||    31
Dodge: Dodged            |    31 |    31 ||    62
Block: Buckler           |     6 |    14 ||    20

Table legend: (Time is in decaauts)
 A = Elapsed time spent in this place.
 B = Non-inter-level travel time spent in this place.
 C = Inter-level travel time spent in this place.
 D = Time resting spent in this place.
 E = Time spent auto-exploring this place.
 F = Levels seen in this place.
 G = Mean time per level.
                   A        B        C        D        E       F      G
               +--------+--------+--------+--------+--------+-----+--------+
         Total |   1611 |   1469 |    142 |    220 |    966 |   3 |  537.0 |
       Dungeon |   1611 |   1469 |    142 |    220 |    966 |   3 |  537.0 |
               +--------+--------+--------+--------+--------+-----+--------+

Top non-repeatable levels by time:
     D:2: 745 daAuts
     D:1: 522 daAuts
     D:3: 343 daAuts
